 Dungeon Crawl Stone Soup version 0.25-a0-482-g9b3b753f3f (webtiles) character file.

Game seed: 16228284288665598044, levelgen mode: deterministic

13461 DerDa the Geomancer (level 12, -12/64 HPs)
             Began as a Gargoyle Earth Elementalist on Feb 10, 2020.
             Was an Elder of Sif Muna.
             Shot with a bolt by a yaktaur (33 damage)
             ... on level 13 of the Dungeon.
             The game lasted 00:34:24 (8554 turns).

DerDa the Geomancer (Gargoyle Earth Elementalist)   Turns: 8554, Time: 00:34:25

Health: -12/64     AC: 11    Str: 13    XL:     12   Next: 6%
Magic:  17/27      EV: 18    Int: 25    God:    Sif Muna [****..]
Gold:   395        SH:  0    Dex: 16    Spells: 19/34 levels left

rFire    + . .     SeeInvis .   m - +0 long sword
rCold    . . .     Gourm    .   (no shield)
rNeg     + . .     Faith    .   P - +0 robe of the Ant {rF+ Regen+ Dex+6 Slay-4}
rPois    ∞         Spirit   .   E - +0 hat
rElec    +         Reflect  .   u - scarf {cloud immunity}
rCorr    .         Harm     .   (no gloves)
MR       .....                  T - +0 pair of boots of the Hidden Vale {Int+2} (curse)
Stlth    ++........             e - amulet of magic regeneration
HPRegen  0.60/turn              a - +3 ring of intelligence
MPRegen  0.45/turn              R - +5 ring of evasion

@: no status effects
A: negative energy resistance 1, electricity resistance, unbreathing,
petrification resistance, rot immunity, AC +8
a: Channel Magic, Forget Spell, Divine Exegesis, Renounce Religion


You were on level 13 of the Dungeon.
You worshipped Sif Muna.
Sif Muna was greatly pleased with you.
You were not hungry.

You visited 3 branches of the dungeon, and saw 14 of its levels.

You collected 905 gold pieces.
You spent 510 gold pieces at shops.

Inventory:

Hand Weapons
 m - a +0 long sword (weapon)
 s - a +5 dagger of holy wrath
 J - a +5 battleaxe
 N - a +0 whip of flaming
 S - the cursed +3 hand crossbow "Omiuma" {speed, rC+ MR+, unknown}
   (You found it on level 10 of the Dungeon)

   Attacks with this weapon are significantly faster.
   It protects you from cold.
   It affects your resistance to hostile enchantments.
   It has a curse placed upon it.
Missiles
 b - 44 stones (quivered)
 i - 30 poisoned darts
Armour
 u - a scarf of cloud immunity (worn)
 E - a +0 hat (worn)
 M - +0 steam dragon scales
 P - the +0 robe of the Ant (worn) {rF+ Regen+ Dex+6 Slay-4}
   (You bought it in a shop on level 9 of the Dungeon)

   It affects your dexterity (+6).
   It affects your accuracy and damage with ranged weapons and melee attacks
   (-4).
   It protects you from fire.
   It increases your rate of regeneration.
   If you remove this armour, your AC will decrease by 2 (11 -> 9).
 T - the cursed +0 pair of boots of the Hidden Vale (worn) {Int+2}
   (You bought it in a shop on level 9 of the Dungeon)

   It affects your intelligence (+2).
   If you remove this armour, your AC will decrease by 1 (11 -> 10).
   It has a curse placed upon it.
 V - a +2 robe of magic resistance
Jewellery
 a - a +3 ring of intelligence (left hand)
 c - an uncursed ring of flight
 e - an amulet of magic regeneration (around neck)
 r - an uncursed ring of positive energy
 L - a +6 ring of slaying
 R - a +5 ring of evasion (right hand)
Wands
 t - a wand of iceblast (3)
 x - a wand of acid (12)
 y - a wand of flame (19)
 B - a wand of clouds (4)
 D - a wand of disintegration (6)
 I - a wand of digging (10)
Scrolls
 g - 5 scrolls of fog
 h - 3 scrolls of blinking
 k - 6 scrolls of remove curse
 p - 5 scrolls of teleportation
 q - a scroll of enchant armour
 w - 2 scrolls of fear
 A - 2 scrolls of immolation
 H - 2 scrolls of enchant weapon
 O - 3 scrolls of amnesia
 Q - a scroll of acquirement {unknown}
 U - a scroll of noise {unknown}
 W - 3 scrolls of magic mapping {unknown}
Potions
 f - 5 potions of curing
 j - a potion of cancellation {unknown}
 l - 3 potions of mutation {unknown}
 n - 2 potions of brilliance {unknown}
 o - 3 potions of lignification {unknown}
 v - 3 potions of degeneration {unknown}
 C - a potion of berserk rage {unknown}
 F - a potion of flight {unknown}
 G - 2 potions of heal wounds {unknown}
Miscellaneous
 K - a box of beasts
Comestibles
 d - 21 rations


   Skills:
 + Level 2.9 Fighting
 + Level 2.9 Dodging
 - Level 2.1 Stealth
 * Level 11.8 Spellcasting
 + Level 3.0 Conjurations
 - Level 0.7 Transmutations
 * Level 14.9 Earth Magic
 + Level 2.8 Invocations


You had 19 spell levels left.
You knew the following spells:

 Your Spells              Type           Power        Failure   Level  Hunger
a - Sandblast             Erth           ######       0%          1    None
b - Stone Arrow           Conj/Erth      ######       1%          3    None
c - Petrify               Tmut/Erth      ######..     1%          4    None
d - Lee's Rapid Deconstr  Erth           ######....   1%          5    ###....
w - Passwall              Tmut/Erth      ######..     1%          2    None

Your spell library contained the following spells:

 Spells                   Type           Power        Failure   Level  Hunger
 Foxfire                  Conj/Fire      ###.         2%          1    None
 Conjure Flame            Conj/Fire      ###.....     7%          3    None
 Inner Flame              Hex/Fire       ##......     12%         3    None
 Sticky Flame             Conj/Fire      ###.....     22%         4    None
 Fireball                 Conj/Fire      ###.......   52%         5    ###....


Dungeon Overview and Level Annotations

Branches:
Dungeon (11/15)            Temple (1/1) D:7            Lair (1/6) D:8
    Orc: D:9-12

Altars:
Ashenzari
Cheibriados
Dithmenos
Elyvilon
Fedhas
Gozag
Hepliaklqana
Kikubaaqudgha
Makhleb
Nemelex Xobeh
Okawaru
Qazlal
Ru
Sif Muna
Trog
Uskayaw
Vehumet
Wu Jian
Xom
Yredelemnul
Zin
The Shining One

Shops:
D:4 *[   D:6 *([   D:9 }[


Innate Abilities, Weirdness & Mutations

You are resistant to torment.
Your stone body is resilient. (AC +8)
You are immune to poison.
You resist negative energy. (rN+)
You are resistant to electric shocks. (rElec)
You can survive without breathing.
You are immune to petrification.
You are immune to rotting.


Message History

The bolt hits you!!
You hear a shout!
You see here 2 bolts.
Casting: Sandblast (safe; 0% risk of failure)
Confirm with . or Enter, or press ? or * to list all spells.
Aiming: Sandblast (safe; 0% risk of failure)
Press: ? - help, Shift-Dir - straight line, f - yaktaur
Aim: a yaktaur, wielding a +0 arbalest and quivering 15 bolts (severely wounded)
The blast of sand hits the yaktaur!!
You kill the yaktaur!
Sif Muna accepts your kill.
b - 44 stones
Casting: Sandblast (safe; 0% risk of failure)
Confirm with . or Enter, or press ? or * to list all spells.
You don't know that spell.
Drop what? 49/52 slots (_ for help) (? for menu, Esc to quit)
Drop what? 49/52 slots (_ for help) (? for menu, Esc to quit)
You drop a golden potion.
The yaktaur shoots a bolt.
The bolt hits you!!
Ouch! That really hurt!
You die...

#.....##### #..#
#.....# . ..#
#.....# c## .#
#.....#. #.#..# #
#.....#..##.#..#.##
##.#.## #..........
##....#####c#..#.##
#<.................
#.....@..)..)).....
#.).(.#####.#..#.##
####### .......O.
#.#..#.# #e#..#O#
.## .# . . .#


You could see a yaktaur.

Vanquished Creatures
  Harold (D:8)
  4 two-headed ogres
  Sonja (D:10)
  An unseen horror (D:8)
  A deep elf mage (D:13)
  Pikel (D:7)
  A cyclops (D:11)
  Joseph (D:8)
  Maggie (D:7)
  A kobold demonologist (D:11)
  A yaktaur (D:13)
  Grinder (D:3)
  Prince Ribbit (D:7)
  2 hippogriffs
  A vampire (D:10)
  A wyvern (D:10)
  4 yaks (D:9)
  2 hungry ghosts (D:9)
  An acid dragon (D:11)
  A water moccasin (D:9)
  A slave (D:7)
  4 sky beasts
  Duvessa (D:4)
  An ice beast (D:8)
  6 ogres
  3 phantoms
  An orc warrior (D:9)
  3 centaurs
  2 bullfrogs
  A water moccasin zombie (D:6)
  Dowan (D:4)
  4 scorpions
  3 killer bees (D:9)
  6 wights
  4 howler monkeys
  10 crimson imps
  6 jellies
  3 bullfrog zombies
  5 bullfrog skeletons
  A gnoll shaman (D:9)
  3 hounds
  8 orc wizards
  6 orc priests
  2 centaur skeletons
  Natasha (thrice) (D:3)
  8 worker ants
  2 killer bee zombies
  2 hound skeletons
  A worker ant zombie (D:11)
  A howler monkey zombie (D:6)
  13 gnolls
  13 adders
  A shadow imp (D:8)
  2 white imps (D:10)
  5 oozes (D:10)
  4 adder zombies (D:6)
  An adder skeleton (D:4)
  3 worms
  A dart slug (D:3)
  10 leopard geckos
  28 orcs
  4 giant cockroaches
  8 goblins
  19 hobgoblins
  4 jackals (D:6)
  2 quokkas
  7 bats
  5 frilled lizards
  2 giant cockroach zombies
  A jackal skeleton (D:6)
  4 kobolds
  11 rats
278 creatures vanquished.

Notes
Turn   | Place    | Note
-------+----------+-------------------------------------------
     0 | D:1      | DerDa the Gargoyle Earth Elementalist began the quest for
                  | the Orb.
     0 | D:1      | Reached XP level 1. HP: 10/10 MP: 3/3
   128 | D:1      | Reached XP level 2. HP: 15/15 MP: 0/5
   149 | D:1      | Reached skill level 4 in Earth Magic
   536 | D:1      | Reached XP level 3. HP: 19/19 MP: 4/6
  1041 | D:2      | Reached XP level 4. HP: 24/24 MP: 4/8
  1276 | D:3      | Learned a level 3 spell: Stone Arrow
  1281 | D:3      | Learned a level 4 spell: Petrify
  1296 | D:3      | Reached skill level 5 in Earth Magic
  1439 | D:3      | Found a burning altar of Makhleb.
  1439 | D:3      | Noticed a balrug
  1447 | D:3      | Found a glowing silver altar of Zin.
  1447 | D:3      | Noticed an angel
  1463 | D:3      | Noticed Natasha
  1468 | D:3      | Killed Natasha
  1468 | D:3      | Reached XP level 5. HP: 28/28 MP: 7/10
  1483 | D:3      | Noticed Natasha
  1486 | D:3      | Killed Natasha
  1580 | D:3      | Reached skill level 6 in Earth Magic
  1587 | D:3      | Learned a level 2 spell: Passwall
  1617 | D:3      | Noticed Grinder
  1629 | D:3      | Killed Grinder
  1629 | D:3      | Reached XP level 6. HP: 32/32 MP: 7/13
  1738 | D:3      | Noticed Natasha
  1751 | D:3      | Killed Natasha
  1751 | D:3      | Reached skill level 7 in Earth Magic
  1751 | D:3      | Reached XP level 7. HP: 27/36 MP: 11/14
  1956 | D:3      | Found a shimmering blue altar of Sif Muna.
  1956 | D:3      | Found a radiant altar of Vehumet.
  1957 | D:3      | Found an iron altar of Okawaru.
  1957 | D:3      | You fall into a shaft and drop 1 floor!
  1992 | D:4      | Reached skill level 5 in Spellcasting
  2079 | D:3      | Became a worshipper of Sif Muna the Loreminder
  2260 | D:4      | Noticed Dowan
  2350 | D:4      | Noticed Duvessa
  2351 | D:4      | Learned a level 5 spell: Lee's Rapid Deconstruction
  2362 | D:4      | Killed Dowan
  2364 | D:4      | Killed Duvessa
  2380 | D:4      | Found Boarat's Armour Shop.
  2389 | D:4      | Bought a scarf of cloud immunity for 91 gold pieces
  2400 | D:4      | Reached skill level 8 in Earth Magic
  2466 | D:4      | Reached XP level 8. HP: 41/41 MP: 5/17
  2660 | D:4      | Found Ziemafur's Assorted Antiques.
  2985 | D:5      | Entered Level 5 of the Dungeon
  3185 | D:5      | Found a bloodstained altar of Trog.
  3188 | D:5      | Reached * piety under Sif Muna
  3194 | D:5      | Reached skill level 9 in Earth Magic
  3680 | D:4      | Bought a red potion for 24 gold pieces
  3680 | D:4      | Bought a lumpy orange potion for 24 gold pieces
  3680 | D:4      | Bought a scroll labeled ZYTHIE GUJISTRU for 27 gold pieces
  3860 | D:6      | Found Uhumm's General Store.
  3866 | D:6      | Bought a potion of curing for 42 gold pieces
  3876 | D:6      | Found Takytim's Antique Weapon Shop.
  3947 | D:6      | Found a stormy altar of Qazlal.
  3962 | D:6      | Reached skill level 10 in Earth Magic
  3962 | D:6      | Reached XP level 9. HP: 45/45 MP: 13/20
  4018 | D:6      | Reached ** piety under Sif Muna
  4172 | D:6      | Found Vemuet's Antique Armour Boutique.
  5003 | D:7      | Found an ancient bone altar of Kikubaaqudgha.
  5138 | D:7      | Reached skill level 11 in Earth Magic
  5159 | D:7      | Found a staircase to the Ecumenical Temple.
  5165 | D:7      | Noticed Maggie
  5169 | Temple   | Entered the Ecumenical Temple
  5386 | D:7      | Killed Maggie
  5755 | D:7      | Noticed Prince Ribbit
  5758 | D:7      | Killed Prince Ribbit
  5799 | D:7      | Noticed Pikel
  5801 | D:7      | Killed Pikel
  5801 | D:7      | Reached skill level 12 in Earth Magic
  5801 | D:7      | Reached XP level 10. HP: 50/50 MP: 12/23
  5863 | D:8      | Noticed a two-headed ogre
  5869 | D:8      | Killed a two-headed ogre
  5903 | D:8      | Noticed Harold
  5927 | D:8      | Killed Harold
  5927 | D:8      | Reached skill level 10 in Spellcasting
  5934 | D:8      | Reached *** piety under Sif Muna
  5937 | D:8      | Reached skill level 13 in Earth Magic
  5958 | D:8      | Noticed a two-headed ogre
  6029 | D:8      | Found a staircase to the Lair.
  6067 | D:8      | Killed an unseen horror
  6165 | D:8      | Noticed a two-headed ogre
  6173 | D:8      | Killed a two-headed ogre
  6173 | D:8      | Reached XP level 11. HP: 54/54 MP: 9/25
  6204 | D:8      | Killed a two-headed ogre
  6204 | D:8      | Reached skill level 14 in Earth Magic
  6312 | D:8      | Found a stormy altar of Qazlal.
  6384 | D:8      | Found a snail-covered altar of Cheibriados.
  6541 | D:8      | Found an ornate altar of the Wu Jian Council.
  6607 | D:8      | Noticed Joseph
  6621 | D:8      | Killed Joseph
  6705 | Lair:1   | Entered Level 1 of the Lair of Beasts
  6935 | D:9      | Noticed a two-headed ogre
  6952 | D:9      | Killed a two-headed ogre
  6952 | D:9      | Reached skill level 1 in Fighting
  6952 | D:9      | Reached skill level 1 in Conjurations
  7028 | D:9      | Reached skill level 1 in Invocations
  7085 | D:9      | Found Rofaurgh's Gadget Shoppe.
  7103 | D:9      | Reached **** piety under Sif Muna
  7442 | D:9      | Found Viyr's Armour Shoppe.
  7449 | D:9      | Bought the cursed +0 robe of the Ant {rF+ Regen+ Dex+6
                  | Slay-4} for 112 gold pieces
  7679 | D:10     | Entered Level 10 of the Dungeon
  7776 | D:10     | Got a brightly glowing hand crossbow
  7892 | D:10     | Noticed Sonja
  7901 | D:10     | Killed Sonja
  8205 | D:9      | Bought the cursed +0 pair of boots of the Hidden Vale
                  | {Int+2} for 190 gold pieces
  8336 | D:11     | Noticed a cyclops
  8363 | D:11     | Noticed a sixfirhy
  8402 | D:11     | Killed a cyclops
  8417 | D:11     | Noticed a cyclops
  8440 | D:11     | Noticed a manticore
  8440 | D:11     | You fall into a shaft and drop 2 floors!
  8541 | D:13     | Noticed a deep elf mage
  8551 | D:13     | Killed a deep elf mage
  8551 | D:13     | Reached XP level 12. HP: 64/64 MP: 16/27
  8554 | D:13     | Shot with a bolt by a yaktaur

Levels and vault maps discovered:
D:1:      lemuel_arrival_cross, layout_basic, grunt_decor_arrowhead
D:2:      cheibrodos_greedy_goblins, layout_rooms, minmay_misc_feat_roman
D:3:      layout_basic, grunt_temple_overflow_order_and_chaos_2,
          gammafunk_temple_overflow_forgotten, minivault_19, uniq_grinder,
          uniq_natasha
D:4:      layout_basic, serial_shops, shop, kennysheep_mini, first_ration,
          uniq_duvessa
D:5:      layout_basic, minmay_fountain_box, chequers_serial_rivers_room_a,
          trog_three_pillars_becter
D:6:      layout_loops_corners, basic_altar, serial_undead, serial_undead_b,
          serial_undead_f, serial_undead_e, serial_undead_e, serial_shops,
          nicolae_shop_competitors_out_of_business, shop, shop
D:7:      layout_basic, minmay_temple_entry_glass, basic_altar, uniq_pikel,
          uniq_prince_ribbit1, uniq_maggie
D:8:      lemuel_upstairs_altar, layout_cave_pools, lemuel_round_altar,
          nicolae_qazlal_general_emergency, slow_altar_2, lair_entry_dummy,
          uniq_joseph, uniq_harold
D:9:      layout_stronghold, serial_shops, shop, shop
D:10:     layout_cave_pools, hangedman_little_slice_of_home, minmay_nine_imps,
          uniq_sonja
D:11:     layout_roguey, gauntlet_entry_generic,
          eino_small_chamber_without_monster, uniq_fannar
D:13:     layout_rooms, hangedman_vaults_entry_quadrant_bands, basic_altar,
          uniq_frances
Temple:   dpeg_chambers_temple
Lair:1:   layout_chaotic_city, lemuel_fruit_tree, serial_bayou_shore_b,
          grunt_megastairs_3, uniq_erica

Skill      XL: |  1  2  3  4  5  6  7  8  9 10 11 |
---------------+----------------------------------+-----
Earth Magic    | 4 5 6 7 8 10 12 13 14 | 14.9
Spellcasting   | 3 4 6 7 9 10 11 | 11.8
Fighting       | 2 |  2.9
Conjurations   | 3 |  3.0
Invocations    | 2 |  2.8
Dodging        | 2 |  2.9
Stealth        | |  2.1
Transmutations | |  0.7

Action                   |  1- 3 |  4- 6 |  7- 9 | 10-12 || total
-------------------------+-------+-------+-------+-------++-------
Melee: Short sword       |    27 |       |       |       ||    27
       Club              |     8 |       |       |       ||     8
       Falchion          |     8 |    28 |     6 |       ||    42
       Long sword        |       |       |    22 |    24 ||    46
Throw: Stone             |       |       |     1 |     1 ||     2
 Cast: Sandblast         |    49 |    36 |   118 |    96 ||   299
       Stone Arrow       |       |     1 |     3 |    14 ||    18
       Lee's Rapid Decon |       |       |    20 |    44 ||    64
       Petrify           |       |       |       |     5 ||     5
  Use: Scroll            |       |       |     9 |     4 ||    13
 Stab: Sleeping          |     1 |       |     1 |       ||     2
  Eat: Chunk             |     1 |     2 |    14 |    15 ||    32
       Ration            |       |       |     1 |       ||     1
Armor: Robe              |    30 |    17 |    34 |     9 ||    90
       Steam dragon scal |       |       |     2 |    28 ||    30
Dodge: Dodged            |    54 |    25 |    46 |    44 ||   169
       Rpst.: Falchion   |     2 |     7 |     1 |       ||    10
       Long sword        |       |       |    14 |    12 ||    26

Table legend:
 A = Non-vault XP
 B = Vault XP
 C = Vault XP percentage of total XP
 D = Non-vault monster count
 E = Vault monster count
 F = Vault count percentage of total count
                 A         B        C        D         E       F
            +---------+---------+-------+---------+---------+-------
      Total |   13126 |    6105 |  31.7 |     224 |      53 |  19.1
            +---------+---------+-------+---------+---------+-------
        D:1 |      44 |       0 |   0.0 |      24 |       0 |   0.0
        D:2 |      32 |      18 |  36.0 |      14 |       9 |  39.1
        D:3 |     225 |     325 |  59.1 |      28 |       2 |   6.7
        D:4 |     563 |     205 |  26.7 |      22 |       2 |   8.3
        D:5 |     412 |       0 |   0.0 |      21 |       0 |   0.0
        D:6 |     730 |     328 |  31.0 |      16 |      12 |  42.9
        D:7 |     798 |    1263 |  61.3 |      21 |       3 |  12.5
        D:8 |    4412 |    1452 |  24.8 |      28 |       3 |   9.7
        D:9 |    3953 |       0 |   0.0 |      38 |       0 |   0.0
       D:10 |     802 |    1315 |  62.1 |       6 |      18 |  75.0
       D:11 |    1119 |       0 |   0.0 |       5 |       0 |   0.0
       D:13 |      36 |    1199 |  97.1 |       1 |       4 |  80.0
            +---------+---------+-------+---------+---------+-------
